Map: Lock & Load

Players

NamroodTuo

  • Race: Zerg Zerg

Melkor

  • Race: Protoss Protoss
  • Spawn Location: 7:00

VOD

Have the link to the VOD?

Description

Time

  • Played on: March 25, 2023, 5:45 a.m.
  • Length: 21:28
Show
View Real Time Build Order
Export as new Build Order

NamroodTuo Zerg 

Build Orders:  

Get SALT Encoding   

  12  0:03  Infested SCV  
  13  0:18  Overlord  
  13  0:25  Infested SCV  
  14  0:32  Infested SCV  
  15  0:52  Infested Barracks  
  15  0:53  Infested SCV  
  15  0:59  Infested SCV  
  17  1:04  Infested SCV  
  18  1:16  Infested SCV  
  19  1:25  Infested Refinery  
  19  1:29  Infested SCV  
  20  1:37  Infestation Level 1  
  20  1:45  Infested SCV  
  21  1:55  Infested SCV  
  22  2:06  Infested SCV  
  23  2:27  Infested Engineering Bay  
  23  2:28  Overlord  
  23  2:40  Overlord  
  23  2:50  Infested Refinery  
  23  3:12  Infested SCV  
  23  3:15  Infested SCV  
  23  3:18  Overlord  
  25  3:34  Infestation Level 2  
  25  3:44  Infested Factory  
  25  3:47  Unknown  
  25  4:11  Infested Barracks Tech Lab  
  25  4:43  Infested SCV x2  
  25  4:44  Infested SCV x3  
  30  5:27  Anaerobic Enhancement  
  34  5:34  Infested SCV  
  34  5:36  Infested SCV, Infested Command Center, Infested Bunker  
  34  5:37  Regenerative Plating  
  36  5:50  Infested SCV  
  40  6:40  Infested Bunker  
  40  6:59  Retinal Augmentation  
  40  7:09  Infested Bunker  
  44  7:25  Infested SCV  
  44  7:26  Infested SCV x2  
  47  7:32  Infested SCV  
  47  7:33  Infested SCV x2  
  50  8:01  Infested Factory  
  50  8:02  Infested SCV x2  
  50  8:03  Infested SCV  
  57  8:40  Infested Bunker  
  57  8:43  Overlord  
  57  8:44  Overlord x3  
  57  8:47  Overseer x3  
  57  8:56  Infested SCV x3  
  57  8:58  Infested SCV  
  61  9:24  Plagued Munitions  
  61  9:30  Overseer x4  
  65  9:51  Infested Bunker  
  69  10:13  Infested Factory Tech Lab x2  
  69  10:29  Infested SCV x4  
  73  10:32  Infested Armory  
  73  10:35  Infested Refinery  
  73  10:39  Infested Missile Turret, Infested Refinery  
  73  10:40  Infested SCV  
  73  10:44  Overlord  
  74  11:07  Infested Missile Turret  
  74  11:38  Infested Bunker  
  74  12:00  Infested Marine x3  
  74  12:01  Infested Marine x7  
  74  12:03  Infested Diamondback  
  74  12:04  Infested Siege Tank  
  74  12:05  Infested Diamondback  
  74  12:07  Infested Diamondback  
  74  12:09  Infested Diamondback x2  
  102  12:13  Overlord  
  102  12:14  Overlord x4  
  102  12:15  Overlord x2  
  102  12:27  Aggressive Incubation  
  102  12:35  Infested SCV  
  102  12:36  Infested SCV x2  
  102  12:37  Infested SCV  
  106  12:58  Infested Marine x2  
  106  12:59  Infested Marine x8  
  107  13:20  Overlord x2  
  107  13:21  Infested SCV  
  111  13:40  Infested Bunker  
  111  13:47  Infested Bunker x2  
  115  14:09  Infested Bunker  
  113  14:30  Infested Diamondback x2  
  112  15:22  Infested Siege Tank, Infested Diamondback  
  112  15:23  Infested Siege Tank x2, Infested Diamondback x2  
  124  15:47  Infested Siege Tank  
  124  15:48  Infested Diamondback  
  130  15:55  Infested SCV  
  130  15:57  Overlord x2  
  135  16:46  Infested Bunker  
  139  17:12  Infested Bunker  
  139  17:14  Infested Colonist Compound  
  139  17:17  Stukov Vehicle and Ship Armor Level 1  
  143  17:24  Infested Siege Tank  
  143  17:25  Infested Diamondback  
  149  17:34  Infested Missile Turret  
  149  17:35  Infestation Level 3  
  149  17:44  Stukov Infantry Armor Level 1  
  149  18:07  Infested Bunker  
  149  18:08  Infested Bunker  
  153  18:25  Calcified Armor  
  153  18:27  Caustic Mucus, Broodling Gestation  
  153  18:28  Acidic Enzymes  
  153  18:35  Saturated Cultures  
  153  18:40  Automated Mitosis  
  153  18:58  Infested Missile Turret x2  
  157  19:29  Infested Missile Turret  
  157  19:30  Infested Bunker  
  157  19:49  Infested Siege Tank  
  160  19:50  Infested Siege Tank, Infested Diamondback  
  166  20:19  Infested Missile Turret  
Show
View Real Time Build Order
Export as new Build Order

Melkor Protoss 

Build Orders:  

Get SALT Encoding   

  12  0:00  Probe (Chrono Boost)  
  13  0:12  Probe (Chrono Boost)  
  14  0:26  Pylon  
  14  0:30  Probe (Chrono Boost)  
  15  0:47  Assimilator  
  15  0:49  Probe (Chrono Boost)  
  16  1:01  Probe (Chrono Boost)  
  17  1:12  Gateway  
  17  1:13  Probe (Chrono Boost)  
  18  1:25  Probe (Chrono Boost)  
  19  1:37  Probe (Chrono Boost)  
  20  1:49  Probe (Chrono Boost)  
  21  2:01  Probe (Chrono Boost)  
  22  2:13  Probe (Chrono Boost)  
  22  2:19  Cybernetics Core  
  23  2:36  Pylon  
  23  2:40  Assimilator  
  23  2:56  Sentinel  
  23  2:59  Probe (Chrono Boost)  
  26  3:14  Robotics Facility  
  26  3:23  Probe (Chrono Boost)  
  26  3:25  Solar Efficiency Level 1  
  27  3:35  Probe (Chrono Boost)  
  28  3:47  Probe (Chrono Boost)  
  28  3:52  Pylon  
  28  3:54  Forge  
  29  4:15  Immortal  
  33  4:43  Advanced Repair Systems  
  33  4:47  Protoss Ground Weapons Level 1  
  33  4:50  Probe (Chrono Boost)  
  34  5:02  Probe (Chrono Boost), Pylon  
  34  5:05  Forge  
  34  5:06  Immortal  
  39  5:24  Probe (Chrono Boost)  
  39  5:27  Pylon  
  40  5:30  Pylon  
  40  5:36  Probe (Chrono Boost)  
  41  5:48  Probe (Chrono Boost)  
  42  6:13  Unknown  
  42  6:19  Protoss Shields Level 1  
  42  6:20  Nexus  
  42  6:23  Immortal, Assimilator  
  46  6:44  Pylon  
  46  6:49  Probe (Chrono Boost)  
  47  7:01  Probe (Chrono Boost)  
  47  7:04  Assimilator  
  47  7:08  Pylon  
  48  7:13  Probe (Chrono Boost)  
  48  7:14  Observer  
  50  7:33  Robotics Bay  
  50  7:38  Robotics Facility  
  50  7:40  Probe (Chrono Boost)  
  51  7:52  Probe (Chrono Boost)  
  52  8:04  Probe (Chrono Boost)  
  52  8:06  Protoss Ground Weapons Level 2  
  52  8:08  Protoss Ground Armor Level 1  
  53  8:10  Twilight Council  
  53  8:21  Robotics Facility  
  53  8:32  Probe (Chrono Boost)  
  53  8:33  Probe (Chrono Boost)  
  53  8:37  Shadow Cannon  
  55  8:44  Probe (Chrono Boost)  
  55  8:45  Probe (Chrono Boost)  
  55  8:48  Solar Efficiency Level 2  
  57  8:56  Probe (Chrono Boost)  
  57  8:57  Probe (Chrono Boost)  
  59  9:08  Probe (Chrono Boost)  
  59  9:17  Protoss Shields Level 2  
  60  9:25  Immortal  
  60  9:26  Probe (Chrono Boost)  
  60  9:27  Probe (Chrono Boost)  
  62  9:41  Probe (Chrono Boost)  
  62  9:42  Probe (Chrono Boost)  
  68  9:53  Gravitic Boosters  
  68  9:56  Probe x2 (Chrono Boost), Immortal  
  68  9:57  Immortal  
  68  9:58  Immortal  
  70  10:05  Immortal  
  70  10:11  Probe (Chrono Boost)  
  71  10:43  Pylon  
  71  10:45  Pylon  
  71  10:47  Pylon  
  87  11:06  Solar Efficiency Level 3  
  87  11:31  Immortal x2  
  87  11:40  Immortal  
  87  11:48  Protoss Ground Weapons Level 3  
  89  12:10  Immortal x2  
  89  12:28  Immortal  
  101  12:49  Immortal  
  101  13:00  Pylon  
  101  13:02  Pylon  
  101  13:04  Pylon  
  101  13:05  Pylon  
  101  13:06  Pylon  
  101  13:08  Pylon  
  105  13:18  Immortal  
  105  13:28  Immortal  
  105  13:29  Observer  
  114  14:06  Immortal  
  114  14:07  Immortal  
  114  14:14  Immortal  
  114  14:25  Immortal  
  114  14:27  Immortal  
  114  14:28  Immortal  
  126  14:33  Immortal  
  126  14:34  Immortal  
  126  14:38  Immortal  
  126  14:42  Immortal  
  154  15:58  Protoss Shields Level 3  
  154  16:02  Protoss Ground Armor Level 2  
  154  16:07  Probe x2 (Chrono Boost)  
  156  16:21  Probe (Chrono Boost)  
  157  17:01  Pylon  
  157  17:03  Pylon  
  157  17:05  Pylon  
  157  17:06  Pylon  
  157  17:07  Pylon  
  157  17:41  Protoss Ground Armor Level 3  
  157  18:29  Immortal  
  157  18:30  Immortal  
  157  18:39  Immortal  
  157  18:52  Immortal x2  
  157  18:56  Immortal  
  157  19:00  Immortal x2  
  157  19:05  Immortal  
  157  19:08  Immortal x2  
  169  19:42  Immortal  
  169  19:45  Immortal  
Tags
 
Commander
KaraxStukov
Matchup
Co-op
Replay Pack
Multiplayer
Add a new tag
Caveats
  • Supply blocks, unpowered buildings, or Contaminate may cause inaccurate times.
  • Supply counts are checked every 10 seconds.